 Zot Defence DCSS version 0.15.2 (webtiles) character file.

79207 hexophile the Warrior (level 13, 0/121 (132) HPs)
             Began as a Ghoul Berserker on Jan 26, 2016.
             Was a Believer of Trog.
             Killed by divine providence
             ... invoked by a deep elf priest
              (11 damage)
             ... in the Realm of Zot (Scenario I: Hall of Zot).
             The game lasted 00:10:13 (4158 turns).

hexophile the Warrior (Ghoul Berserker)             Turns: 4158, Time: 00:10:13

HP   0/121 (132) AC  2     Str 21      XL: 13   Next: 75%
MP   9/9         EV 12     Int  7      God: Trog [**....]
Gold 0           SH  0     Dex  8      Spells:  0 memorised, 12 levels left

rFire  . . .     SeeInvis .     a - +0 hand axe
rCold  + . .     Clarity  .     b - +0 animal skin
rNeg   + + +     rCorr    .     (no shield)
rPois  +         rRot     +     (no helmet)
rElec  .         Spirit   .     (no cloak)
SustAb .         Warding  .     (no gloves)
rMut   .         Stasis   .     (no boots)
Saprov + + +                    (no amulet)
MR     ++...                    (no ring)
                                (no ring)

@: regenerating, rotting, very resistant to hostile enchantments, very
unstealthy
A: rotting body, claws 1, carnivore 3, cold resistance 1, negative energy
resistance 3, poison resistance, saprovore 3, slow healing 1, torment
resistance, unbreathing
a: Make oklob sapling, Make arrow trap, Make plant, Remove Curse, Make burning
bush, Make altar, Make grenades, Make oklob plant, Make net trap, Make ice
statue, Make spear trap, Make alarm trap, Make mushroom circle, Make bolt trap,
Burn Spellbooks, Trog's Hand, Renounce Religion
}: 3/15 runes: slimy, golden, bone


You were in the Realm of Zot.
You worshipped Trog.
Trog was pleased with you.
You were not hungry.

You visited 1 branch


Innate Abilities, Weirdness & Mutations

Your body is rotting away.
You have sharp fingernails.
You are carnivorous and can eat meat at any time.
Your flesh is cold resistant.
You are immune to negative energy.
Your system is resistant to poisons.
You thrive on rotten meat.
You heal slowly when monsters are visible.
You are immune to unholy pain and torment.
You can survive without breathing.

Inventory:

Hand weapons
 a - a +0 hand axe (weapon)
Armour
 b - a +0 animal skin (worn)
Scrolls
 h - a scroll of blinking
Potions
 c - 2 potions of curing
 f - 2 potions of magic


You had 12 spell levels left.
You didn't know any spells.


   Skills:
 + Level 17.1 Fighting
 + Level 14.6 Axes
 - Level 2.0 Armour
 - Level 1.9 Dodging

Dungeon Overview and Level Annotations

Branches:
    Zot (1/1)

Altars:

Annotations:
Zot HAHAHAHA I RAPED U, exclusions: ice dragon and yellow draconian

Vault maps used:
Zot:      zotvault
You       could see
Faexem    the ettin, a hill giant, a tengu warrior, Ziugumi the tengu warrior, a
          large abomination, a yaktaur, 2 ravens, a soldier ant, a deep elf
          priest, 3 friendly oklob plants and 2 friendly burning bushes.


Message History

The searing blast hits your oklob plant.
Your burning bush throws fire at the hill giant.
The puff of flame hits the hill giant.
The deep elf priest calls down the wrath of its god upon something.
Something smites you!
* * * LOW HITPOINT WARNING * * *
Your oklob plant spits acid at the red draconian.
The splash of acid hits the red draconian.
The red draconian writhes in agony as its flesh is eaten away!
Your burning bush throws fire at the boggart.
The puff of flame hits the boggart.
What do you say? t - Shout!
Orders for allies: a - Attack new target. r - Retreat! s - Stop attacking. w - Wait here. f - Follow me.
Anything else - Stay silent.
Gang up on whom?
Press: ? - help, Dir - move target cursor, f - boggart
Aim: a boggart (severely wounded) Attack!
Your burning bush throws fire at the boggart.
The puff of flame hits the boggart.
The boggart dies!
Your burning bush throws fire at the hill giant.
The puff of flame hits the hill giant.
Your oklob plant spits acid at the hill giant.
The splash of acid hits the hill giant.
The hill giant writhes in agony as its flesh is eaten away!
Unknown command.
You step safely past the trap.
The red draconian dissolves into shadows!
The yellow draconian dissolves into shadows!
The pale draconian dissolves into shadows!
The hill giant hits your oklob plant with a giant club!
There is a bolt trap here.
Your oklob plant spits acid at the hill giant.
The splash of acid hits the hill giant.
The hill giant writhes in agony as its flesh is eaten away!
Your burning bush throws fire at the hill giant.
The puff of flame hits the hill giant.
The hill giant dies!
Your oklob plant spits acid at the tengu warrior.
The splash of acid hits the tengu warrior.
Use which ability? (? or * to list)
Your skin crawls.
You feel resistant to hostile enchantments.
The deep elf priest mumbles some strange prayers to its god against something.
Something smites you!
You die...

Action                   |  1- 3 |  4- 6 |  7- 9 | 10-12 | 13-15 || total
-------------------------+-------+-------+-------+-------+-------++-------
Melee: Hand axe          |    38 |   102 |   144 |   641 |   257 ||  1182
Invok: Trog's Hand       |       |       |       |     2 |     6 ||     8
 Abil: Make oklob plant  |       |       |       |       |    10 ||    10
       Make plant        |       |       |       |       |     8 ||     8
       Make mushroom cir |       |       |       |       |     7 ||     7
       Make bolt trap    |       |       |       |       |     4 ||     4
       Make burning bush |       |       |       |       |     2 ||     2
  Use: Potion            |       |       |       |       |     3 ||     3
  Eat: Chunk             |     6 |       |    13 |     3 |     7 ||    29

Notes
Turn   | Place    | Note
--------------------------------------------------------------
     0 | Zot      | hexophile, the Ghoul Berserker, began the quest for the Orb.
     0 | Zot      | Reached XP level 1. HP: 19/19 MP: 1/1
   730 | Zot      | Got a golden rune of Zot
   746 | Zot      | Reached skill level 2 in Armour
   746 | Zot      | Reached XP level 2. HP: 22/22 MP: 2/2
   792 | Zot      | Reached skill level 3 in Axes
  1102 | Zot      | Noticed Freung
  1124 | Zot      | Reached XP level 3. HP: 31/31 MP: 3/3
  1145 | Zot      | Reached skill level 4 in Fighting
  1145 | Zot      | Reached XP level 4. HP: 37/39 MP: 3/3
  1247 | Zot      | Killed Freung the centaur warrior
  1247 | Zot      | Reached skill level 9 in Fighting
  1247 | Zot      | Reached skill level 7 in Axes
  1247 | Zot      | Reached XP level 5. HP: 43/54 MP: 4/4
  1247 | Zot      | Reached XP level 6. HP: 47/60 MP: 5/5
  1247 | Zot      | Reached XP level 7. HP: 52/67 MP: 5/5
  1247 | Zot      | Reached XP level 8. HP: 58/75 MP: 6/6
  1247 | Zot      | Reached XP level 9. HP: 61/80 MP: 7/7
  1423 | Zot      | Reached skill level 8 in Axes
  1562 | Zot      | Reached skill level 10 in Fighting
  1741 | Zot      | Reached skill level 9 in Axes
  1771 | Zot      | Reached skill level 11 in Fighting
  1771 | Zot      | Reached XP level 10. HP: 43/96 MP: 7/7
  1812 | Zot      | Reached skill level 10 in Axes
  2100 | Zot      | Noticed Xexin
  2108 | Zot      | Got a slimy rune of Zot
  2150 | Zot      | Killed Xexin the centaur warrior
  2150 | Zot      | Reached skill level 12 in Fighting
  2156 | Zot      | Reached XP level 11. HP: 101/105 MP: 8/8
  2161 | Zot      | Acquired Trog's second power
  2172 | Zot      | Reached skill level 11 in Axes
  2310 | Zot      | Reached skill level 13 in Fighting
  2694 | Zot      | Noticed a green very ugly thing
  2698 | Zot      | Noticed a hill giant
  2850 | Zot      | Killed a green very ugly thing
  2850 | Zot      | Reached skill level 14 in Fighting
  2850 | Zot      | Reached skill level 12 in Axes
  2867 | Zot      | Killed a hill giant
  2867 | Zot      | Reached XP level 12. HP: 87/114 MP: 9/9
  2988 | Zot      | Reached skill level 15 in Fighting
  3002 | Zot      | Reached skill level 13 in Axes
  3314 | Zot      | Reached skill level 16 in Fighting
  3314 | Zot      | Reached XP level 13. HP: 124/124 MP: 9/9
  3372 | Zot      | Reached skill level 14 in Axes
  3632 | Zot      | Got a bone rune of Zot
  3776 | Zot      | Noticed a red draconian
  3780 | Zot      | Noticed a tentacled monstrosity
  3786 | Zot      | Noticed a black draconian zealot
  3786 | Zot      | Noticed a yellow draconian
  3786 | Zot      | Noticed a mottled draconian monk
  3786 | Zot      | Noticed a yellow draconian
  3786 | Zot      | Noticed a black draconian
  3786 | Zot      | Noticed a tentacled monstrosity
  3787 | Zot      | Noticed a tentacled monstrosity
  3787 | Zot      | Noticed a black draconian
  3790 | Zot      | Noticed an orb of fire
  3797 | Zot      | Noticed a white draconian
  3798 | Zot      | Noticed a yellow draconian
  3813 | Zot      | Noticed a tentacled monstrosity
  3928 | Zot      | Noticed a storm dragon
  3929 | Zot      | Noticed a purple draconian caller
  3929 | Zot      | Noticed a purple draconian caller
  3929 | Zot      | Noticed a pale draconian knight
  3929 | Zot      | Noticed a purple draconian
  3929 | Zot      | Noticed a grey draconian
  3929 | Zot      | Noticed a white draconian
  3952 | Zot      | Noticed Faexem
  4118 | Zot      | Noticed a red draconian
  4118 | Zot      | Noticed a yellow draconian
  4118 | Zot      | Noticed a pale draconian
  4118 | Zot      | Noticed a yellow draconian monk
  4131 | Zot      | Reached skill level 17 in Fighting
  4158 | Zot      | Killed from afar by a deep elf priest

Table legend:
 A = Turns spent in this place as a percentage of turns spent in the entire game.
 B = Non-inter-level travel turns spent in this place as a percentage of non-inter-level travel turns spent in the entire game.
 C = Inter-level travel turns spent in this place as a percentage of turns spent in this place.
 D = Turns resting spent in this place as a percentage of non-inter-level travel turns spent in this place.
 E = Turns spent auto-exploring this place as a percentage of non-inter-level travel turns spent in this place.
 F = Non-inter-level travel turns spent in this place divided by the number of levels of this place that you've seen.
                   A       B       C       D       E      F
               +-------+-------+-------+-------+-------+----------------------
         Total | 100.0 | 100.0 |   0.0 |   2.0 |   0.0 | 2805.0
           Zot | 100.0 | 100.0 |   0.0 |   2.0 |   0.0 | 2805.0
               +-------+-------+-------+-------+-------+----------------------

Table legend:
 A = Kills in this place as a percentage of kills in entire the game.
 B = Kills by you in this place as a percentage of kills by you in the entire game.
 C = Kills by friends in this place as a percentage of kills by friends in the entire game.
 D = Other kills in this place as a percentage of other kills in the entire game.
 E = Experience gained in this place as a percentage of experience gained in the entire game.
 F = Experience gained in this place divided by the number of levels of this place that you have seen.
                   A       B       C       D       E      F
               +-------+-------+-------+-------+-------+----------------------
         Total | 100.0 | 100.0 | 100.0 | 100.0 | 100.0 | 48868.0
           Zot | 100.0 | 100.0 | 100.0 | 100.0 | 100.0 | 48868.0
               +-------+-------+-------+-------+-------+----------------------

Vanquished Creatures
  A very ugly thing (Zot)
  2 centaur warriors (Zot)
  An ice devil (Zot)
  3 large abominations (Zot)
  A hill giant (Zot)
  A cyclops (Zot)
  3 ugly things (Zot)
  A yaktaur (Zot)
  A merfolk (Zot)
  A centaur simulacrum (Zot)
  23 slime creatures (Zot)
  A yak (Zot)
  3 vampires (Zot)
  3 shadows (Zot)
  A deep elf mage (Zot)
  8 wolves (Zot)
  A water moccasin (Zot)
  4 small abominations (Zot)
  An ogre (Zot)
  7 centaurs (Zot)
  A giant frog (Zot)
  A komodo dragon zombie (Zot)
  A cyclops zombie (Zot)
  An insubstantial wisp (Zot)
  A scorpion (Zot)
  A tengu zombie (Zot)
  A wolf zombie (Zot)
  A hound (Zot)
  An orc priest (Zot)
  2 wolf skeletons (Zot)
  2 quasits (Zot)
  A gnoll shaman (Zot)
  A hound skeleton (Zot)
  4 adders (Zot)
  3 gnolls (Zot)
  A giant gecko (Zot)
  An ooze (Zot)
  3 orcs (Zot)
  3 hobgoblins (Zot)
  2 jackals (Zot)
  A giant newt (Zot)
  A giant spore (Zot)
  3 goblins (Zot)
  A rat (Zot)
105 creatures vanquished.

Vanquished Creatures (collateral kills)
  A centaur warrior (Zot)
  A hill giant (Zot)
  A raven (Zot)
  4 boggarts (Zot)
  A centaur (Zot)
  A worker ant (Zot)
  A shadow imp (Zot)
10 creatures vanquished.

Vanquished Creatures (others)
  7 oklob plants (Zot)
  A yaktaur (Zot)
  A boggart (Zot)
  A hobgoblin (Zot)
  10 fungi (Zot)
  3 plants (Zot)
23 creatures vanquished.

Grand Total: 138 creatures vanquished
